3L
BROOKLYN DODGERS @ PANAMA CITY PIRANHAS
07/13/2041
 
TOP OF THE 1ST
Brooklyn Dodgers batting - Pitching for Panama City Piranhas : RHP Dylan Grandjean
Pitching: RHP Dylan Grandjean
Batting: SHB Fa-hsien Tze 0-0: Called Strike
0-1: Foul Ball, location: 2F
0-2: SINGLE (Line Drive, 8LS, EV 107.5 MPH)
Batting: LHB Hugh Hill 0-0: Ball
1-0: Called Strike
1-1: Ball
2-1: Foul Ball, location: 2F
2-2: Foul Ball, location: 2F
2-2: Ball
3-2: Foul Ball, location: 2F
3-2: Fly out, F4 (Line Drive, 4, EV 76.2 MPH)
Lined into DP, 4-3 (Line Drive, 4, EV 71.9 MPH)
Batting: LHB Tony Wonder 0-0: Ball
1-0: Ball
2-0: Ground out 4-3 (Groundball, 4, EV 95.6 MPH)
Top of the 1st over - 0 runs, 1 hit, 0 errors, 0 left on base; Brooklyn 0 - Panama City 0
BOTTOM OF THE 1ST
Panama City Piranhas batting - Pitching for Brooklyn Dodgers : LHP Elisheba Petershwim
Pitching: LHP Elisheba Petershwim
Batting: RHB Kieran Hansen 0-0: Called Strike
0-1: Ball
1-1: Ball
2-1: Fly out, F8 (Line Drive, 8LM, EV 87.5 MPH)
Batting: RHB Carsello Scruggins 0-0: Called Strike
0-1: Ball
1-1: SINGLE (Flyball, 8LS, EV 98.1 MPH)
Batting: RHB Blaze Alexander 0-0: Called Strike
0-1: Swinging Strike
0-2: Strikes out looking
Batting: LHB Oasiz Wiesblatt 0-0: Ball
Carsello Scruggins steals 2nd base
1-0: Ball
2-0: Called Strike
2-1: Foul Ball, location: 2F
2-2: Foul Ball, location: 2F
2-2: SINGLE (Groundball, 34D, EV 98.1 MPH)
Carsello Scruggins to third
Runner from 3rd tries for Home, SAFE, throw by RF to home
Batting: LHB Ashley Thachi Pickoff Throw to First - Out! 1-3
Bottom of the 1st over - 1 run, 2 hits, 0 errors, 0 left on base; Brooklyn 0 - Panama City 1
TOP OF THE 2ND
Brooklyn Dodgers batting - Pitching for Panama City Piranhas : RHP Dylan Grandjean
Batting: LHB Aaron Day 0-0: Called Strike
0-1: Ball
1-1: Ball
2-1: Fly out, F8 (Line Drive, 8LD, EV 95.0 MPH)
Batting: RHB Carlos Muñóz 0-0: Ground out 5-3 (Groundball, 5S, EV 63.1 MPH)
Batting: LHB Jung-joon Yi 0-0: Ball
1-0: Fly out, F7 (Flyball, 7S, EV 91.9 MPH)
Top of the 2nd over - 0 runs, 0 hits, 0 errors, 0 left on base; Brooklyn 0 - Panama City 1
BOTTOM OF THE 2ND
Panama City Piranhas batting - Pitching for Brooklyn Dodgers : LHP Elisheba Petershwim
Batting: LHB Ashley Thachi 0-0: Foul Ball, location: 2F
0-1: Ball
1-1: Called Strike
1-2: Ball
2-2: Ball
3-2: Ground out 1-3 (Groundball, P, EV 84.4 MPH)
Batting: SHB Lupo Cotto 0-0: Swinging Strike
0-1: Foul Ball, location: 2F
0-2: Ball
1-2: SOLO HOME RUN (Flyball, 7D, EV 104.4 MPH), Distance : 367 ft
Batting: LHB Ji-e Loh 0-0: Ball
1-0: Called Strike
1-1: Ball
2-1: Fly out, F8 (Flyball, 8RS, EV 87.5 MPH)
Batting: RHB Hyeon-cheong Kim 0-0: Foul Ball, location: 2F
0-1: Ground out 4-3 (Groundball, 4, EV 86.9 MPH)
Bottom of the 2nd over - 1 run, 1 hit, 0 errors, 0 left on base; Brooklyn 0 - Panama City 2
TOP OF THE 3RD
Brooklyn Dodgers batting - Pitching for Panama City Piranhas : RHP Dylan Grandjean
Batting: RHB Quindarious Monday 0-0: Foul Ball, location: 2F
0-1: SINGLE (Line Drive, 7S, EV 95.6 MPH)
Batting: RHB Steve Pugh 0-0: Called Strike
Quindarious Monday steals 2nd, throwing error, E2
Quindarious Monday to third
0-1: Swinging Strike
0-2: SINGLE (Groundball, 34D, EV 99.4 MPH)
Quindarious Monday scores
Batting: RHB Fytor Ceia 0-0: Fielders Choice at 2nd, 1-6 (Groundball, 23, EV 66.2 MPH)
Batting: SHB Fa-hsien Tze 0-0: Fielders Choice at 2nd, 4-6 (Groundball, 4, EV 88.8 MPH)
Batting: LHB Hugh Hill 0-0: Called Strike
Fa-hsien Tze steals 2nd base (no throw)
0-1: Ground out 6-3 (Groundball, 6, EV 79.4 MPH)
Top of the 3rd over - 1 run, 2 hits, 1 error, 1 left on base; Brooklyn 1 - Panama City 2
BOTTOM OF THE 3RD
Panama City Piranhas batting - Pitching for Brooklyn Dodgers : LHP Elisheba Petershwim
Batting: RHB Brant Thigpen 0-0: Called Strike
0-1: Called Strike
0-2: Ball
1-2: Ground out 3-1 (Groundball, 34, EV 101.9 MPH)
Batting: RHB Kieran Hansen 0-0: Fly out, F9 (Flyball, 9, EV 93.1 MPH)
Batting: RHB Carsello Scruggins 0-0: Called Strike
0-1: Ball
1-1: DOUBLE (Line Drive, 78D, EV 98.8 MPH)
Batting: RHB Blaze Alexander 0-0: Ball
1-0: Ball
2-0: SINGLE (Groundball, 4D, EV 106.9 MPH)
Carsello Scruggins to third
Runner from 3rd tries for Home, SAFE, no throw by CF
Batting: LHB Oasiz Wiesblatt 0-0: Ball
1-0: Called Strike
1-1: Ball
2-1: Fly out, F9 (Flyball, 8RS, EV 86.2 MPH)
Bottom of the 3rd over - 1 run, 2 hits, 0 errors, 1 left on base; Brooklyn 1 - Panama City 3
TOP OF THE 4TH
Brooklyn Dodgers batting - Pitching for Panama City Piranhas : RHP Dylan Grandjean
Batting: LHB Tony Wonder 0-0: Ball
1-0: Fly out, F7 (Flyball, 7LSF, EV 81.2 MPH)
Batting: LHB Aaron Day 0-0: Fly out, F1 (Line Drive, P, EV 70.0 MPH)
Batting: RHB Carlos Muñóz 0-0: Foul Ball, location: 2F
0-1: Swinging Strike
0-2: Ball
1-2: Ball
2-2: Foul Ball, location: 2F
2-2: Fly out, F6 (Line Drive, 6, EV 67.5 MPH)
Top of the 4th over - 0 runs, 0 hits, 0 errors, 0 left on base; Brooklyn 1 - Panama City 3
BOTTOM OF THE 4TH
Panama City Piranhas batting - Pitching for Brooklyn Dodgers : LHP Elisheba Petershwim
Batting: LHB Ashley Thachi 0-0: Called Strike
0-1: Ball
1-1: Swinging Strike
1-2: Ball
2-2: Ball
3-2: Base on Balls
Batting: SHB Lupo Cotto 0-0: Ball
1-0: Ball
2-0: Called Strike
2-1: Ball
3-1: Fielders Choice at 2nd, 6-4 (Groundball, 6, EV 86.9 MPH)
Batting: LHB Ji-e Loh 0-0: Fielders Choice at 2nd, 5-4 (Groundball, 56S, EV 87.5 MPH)
Batting: RHB Hyeon-cheong Kim 0-0: Called Strike
0-1: Foul Ball, location: 2F
0-2: Ball
1-2: Ball
2-2: Foul Ball, location: 2F
2-2: Ground out 1-3 (Groundball, P, EV 65.6 MPH)
Bottom of the 4th over - 0 runs, 0 hits, 0 errors, 1 left on base; Brooklyn 1 - Panama City 3
TOP OF THE 5TH
Brooklyn Dodgers batting - Pitching for Panama City Piranhas : RHP Dylan Grandjean
Batting: LHB Jung-joon Yi 0-0: Swinging Strike
0-1: Ground out 4-3 (Groundball, 4, EV 90.6 MPH)
Batting: RHB Quindarious Monday 0-0: Foul Ball, location: 2F
0-1: Ground out 5-3 (Groundball, 56, EV 95.0 MPH)
Batting: RHB Steve Pugh 0-0: Ball
1-0: Ground out 4-3 (Groundball, 4MS, EV 71.2 MPH)
Top of the 5th over - 0 runs, 0 hits, 0 errors, 0 left on base; Brooklyn 1 - Panama City 3
BOTTOM OF THE 5TH
Panama City Piranhas batting - Pitching for Brooklyn Dodgers : LHP Elisheba Petershwim
Batting: RHB Brant Thigpen 0-0: Called Strike
0-1: Foul Ball, location: 2F
0-2: Ball
1-2: Strikes out swinging
Batting: RHB Kieran Hansen 0-0: SINGLE (Line Drive, 34D, EV 105.6 MPH)
Batting: RHB Carsello Scruggins 0-0: Called Strike
0-1: Ball
1-1: Ball
2-1: Foul Ball, location: 2F
2-2: Foul Ball, location: 2F
2-2: Foul Ball, location: 2F
2-2: Ball
3-2: Fly out, F7 (Flyball, 78S, EV 80.0 MPH)
Batting: RHB Blaze Alexander 0-0: Ball
Wild Pitch!
Kieran Hansen to second
1-0: Foul Ball, location: 2F
1-1: Ball
2-1: Swinging Strike
2-2: Ball
3-2: Strikes out swinging
Bottom of the 5th over - 0 runs, 1 hit, 0 errors, 1 left on base; Brooklyn 1 - Panama City 3
TOP OF THE 6TH
Brooklyn Dodgers batting - Pitching for Panama City Piranhas : RHP Dylan Grandjean
Batting: RHB Fytor Ceia 0-0: Single, Error in OF, E8, batter to second base (Groundball, 6MD, EV 96.9 MPH)
Batting: SHB Fa-hsien Tze 0-0: Foul Ball, location: 2F
0-1: Foul Ball, location: 2F
0-2: Strikes out swinging
Batting: LHB Hugh Hill 0-0: Swinging Strike
0-1: Foul Ball, location: 2F
0-2: Ball
1-2: DOUBLE (Line Drive, 78M, EV 106.9 MPH)
Fytor Ceia scores
Batting: LHB Tony Wonder 0-0: Reached on error, E6 (Groundball, 6, EV 108.8 MPH)
Hugh Hill to third
Batting: LHB Aaron Day 0-0: Called Strike
0-1: 3-RUN HOME RUN (Flyball, 9LD, EV 96.9 MPH), Distance : 340 ft
Batting: RHB Carlos Muñóz 0-0: Ball
1-0: Fly out, F8 (Flyball, 78S, EV 88.1 MPH)
Batting: LHB Jung-joon Yi 0-0: Ball
1-0: Ball
2-0: Ball
3-0: Called Strike
3-1: Foul Ball, location: 2F
3-2: Base on Balls
Batting: RHB Quindarious Monday 0-0: Fly out, F8 (Line Drive, 8RD, EV 88.8 MPH)
Top of the 6th over - 4 runs, 3 hits, 2 errors, 1 left on base; Brooklyn 5 - Panama City 3
BOTTOM OF THE 6TH
Panama City Piranhas batting - Pitching for Brooklyn Dodgers : LHP Elisheba Petershwim
Batting: LHB Oasiz Wiesblatt 0-0: Ball
1-0: Called Strike
1-1: Ball
2-1: Ground out 1-3 (Groundball, 34S, EV 81.2 MPH)
Batting: LHB Ashley Thachi 0-0: Swinging Strike
0-1: Ball
1-1: Called Strike
1-2: Ball
2-2: Foul Ball, location: 2F
2-2: Foul Ball, location: 2F
2-2: Strikes out swinging
Batting: SHB Lupo Cotto 0-0: Ball
1-0: Called Strike
1-1: Called Strike
1-2: Strikes out swinging
Bottom of the 6th over - 0 runs, 0 hits, 0 errors, 0 left on base; Brooklyn 5 - Panama City 3
TOP OF THE 7TH
Brooklyn Dodgers batting - Pitching for Panama City Piranhas : RHP Dylan Grandjean
Pitching: RHP Carlos Salcido
Batting: RHB Steve Pugh 0-0: Ball
1-0: Fly out, F8 (Flyball, 8LXD, EV 98.1 MPH)
Batting: RHB Fytor Ceia 0-0: Ball
1-0: Called Strike
1-1: Swinging Strike
1-2: Ball
2-2: Foul Ball, location: 2F
2-2: Strikes out looking
Batting: SHB Fa-hsien Tze 0-0: Ball
1-0: Ball
2-0: Ball
3-0: Base on Balls
Batting: LHB Hugh Hill 0-0: Called Strike
0-1: Ball
Fa-hsien Tze steals 2nd, throwing error, E2
Fa-hsien Tze to third
1-1: Foul Ball, location: 2F
1-2: Strikes out swinging
Top of the 7th over - 0 runs, 0 hits, 1 error, 1 left on base; Brooklyn 5 - Panama City 3
BOTTOM OF THE 7TH
Panama City Piranhas batting - Pitching for Brooklyn Dodgers : LHP Elisheba Petershwim
Batting: LHB Ji-e Loh 0-0: Foul Ball, location: 2F
0-1: Ball
1-1: Swinging Strike
1-2: Strikes out looking
Batting: RHB Hyeon-cheong Kim 0-0: Ball
1-0: Called Strike
1-1: Foul Ball, location: 2F
1-2: Ball
2-2: SINGLE (Flyball, 89S, EV 88.8 MPH)
Pitching: RHP Harrison Tuff
Batting: RHB Brant Thigpen 0-0: Foul Ball, location: 2F
0-1: Ball
1-1: Swinging Strike
1-2: Strikes out looking
Batting: RHB Kieran Hansen 0-0: Swinging Strike
0-1: Ball
1-1: Called Strike
1-2: Foul Ball, location: 2F
1-2: Ball
2-2: Ball
3-2: Base on Balls
Hyeon-cheong Kim to second
Batting: RHB Carsello Scruggins 0-0: Ball
1-0: Ball
2-0: Fly out, F4 (Popup, 23, EV 95.0 MPH)
Bottom of the 7th over - 0 runs, 1 hit, 0 errors, 2 left on base; Brooklyn 5 - Panama City 3
TOP OF THE 8TH
Brooklyn Dodgers batting - Pitching for Panama City Piranhas : RHP Carlos Salcido
Batting: LHB Tony Wonder 0-0: Swinging Strike
0-1: Called Strike
0-2: Ball
1-2: Ground out 6-3 (Groundball, 6S, EV 80.0 MPH)
Batting: LHB Aaron Day 0-0: Ball
1-0: Fly out, F7 (Line Drive, 7, EV 84.4 MPH)
Batting: RHB Carlos Muñóz 0-0: Ball
1-0: Fly out, F9 (Flyball, 9S, EV 82.5 MPH)
Top of the 8th over - 0 runs, 0 hits, 0 errors, 0 left on base; Brooklyn 5 - Panama City 3
BOTTOM OF THE 8TH
Panama City Piranhas batting - Pitching for Brooklyn Dodgers : RHP Harrison Tuff
Batting: RHB Blaze Alexander 0-0: Ball
1-0: Ball
2-0: Fly out, F7 (Flyball, 7LMF, EV 89.4 MPH)
Batting: LHB Oasiz Wiesblatt 0-0: Foul Ball, location: 2F
0-1: Called Strike
0-2: Ball
1-2: Ball
2-2: Ball
3-2: Fly out, F8 (Flyball, 78D, EV 101.2 MPH)
Batting: LHB Ashley Thachi 0-0: Foul Ball, location: 2F
0-1: Foul Ball, location: 2F
0-2: Ball
1-2: Foul Ball, location: 2F
1-2: Ball
2-2: Foul Ball, location: 2F
2-2: Ball
3-2: Reached on error, E7 (Flyball, 78S, EV 81.2 MPH)
Batting: SHB Lupo Cotto 0-0: Fly out, F7 (Flyball, 7, EV 81.9 MPH)
Bottom of the 8th over - 0 runs, 0 hits, 1 error, 1 left on base; Brooklyn 5 - Panama City 3
TOP OF THE 9TH
Brooklyn Dodgers batting - Pitching for Panama City Piranhas : RHP Carlos Salcido
Batting: LHB Jung-joon Yi 0-0: Swinging Strike
0-1: Swinging Strike
0-2: Foul Ball, location: 2F
0-2: Foul Ball, location: 2F
0-2: Ball
1-2: Foul Ball, location: 2F
1-2: Strikes out swinging
Batting: RHB Quindarious Monday 0-0: Called Strike
0-1: Called Strike
0-2: Strikes out looking
Batting: RHB Steve Pugh 0-0: Ball
1-0: Swinging Strike
1-1: Ball
2-1: SINGLE (Groundball, 6D, EV 105.6 MPH)
Pitching: RHP Barney Starr
Batting: RHB Fytor Ceia 0-0: Ball
1-0: Called Strike
1-1: Called Strike
1-2: DOUBLE (Groundball, 5L, EV 106.2 MPH)
Steve Pugh to third
Runner from 3rd tries for Home, SAFE, no throw by LF
Batting: SHB Fa-hsien Tze 0-0: Called Strike
0-1: Fly out, F8 (Line Drive, 8LD, EV 88.8 MPH)
Top of the 9th over - 1 run, 2 hits, 0 errors, 1 left on base; Brooklyn 6 - Panama City 3
BOTTOM OF THE 9TH
Panama City Piranhas batting - Pitching for Brooklyn Dodgers : RHP Harrison Tuff
Batting: LHB Ji-e Loh 0-0: Ground out 4-3 (Groundball, 4, EV 85.6 MPH)
Batting: RHB Hyeon-cheong Kim 0-0: Called Strike
0-1: Called Strike
0-2: Ball
1-2: Ground out 6-3 (Groundball, 6, EV 86.2 MPH)
Batting: RHB Brant Thigpen 0-0: Ball
1-0: Called Strike
1-1: Called Strike
1-2: Ball
2-2: Ball
3-2: Foul Ball, location: 2F
3-2: Base on Balls
Batting: RHB Kieran Hansen 0-0: Called Strike
0-1: Ball
1-1: Swinging Strike
1-2: Ball
2-2: Ball
3-2: Foul Ball, location: 2F
3-2: DOUBLE (Groundball, 5L, EV 108.8 MPH)
Brant Thigpen to third
Brant Thigpen scores
Batting: RHB Carsello Scruggins 0-0: Ball
1-0: Foul Ball, location: 2F
1-1: Ball
2-1: Fly out, F9 (Flyball, 9S, EV 85.0 MPH)
Bottom of the 9th over - 1 run, 1 hit, 0 errors, 1 left on base; Brooklyn 6 - Panama City 4
Tuesday, January 5th, 2021 - OOTP Baseball 20.8 Build 74